 Dungeon Crawl Stone Soup version 0.22-a0-422-g9628fc87f1 (webtiles) character file.

119 Kriby the Chopper (level 5, 0/47 HPs)
             Began as a Hill Orc Monk on May 17, 2018.
             Slain by a phantom (8 damage)
             ... on level 4 of the Dungeon.
             The game lasted 00:03:05 (3344 turns).

Kriby the Chopper (Hill Orc Monk)                   Turns: 3344, Time: 00:03:06

Health: 0/47       AC:  8    Str: 15      XL:     5   Next: 3%
Magic:  5/5        EV: 17    Int:  7 (10) God:
Gold:   128        SH:  0    Dex: 19 (20) Spells: 4/4 levels left

rFire    . . .     SeeInvis .   a - +0 hand axe
rCold    . . .     Gourm    .   (no shield)
rNeg     . . .     Faith    .   j - +0 ring mail
rPois    .         Spirit   .   (no helmet)
rElec    .         Reflect  .   (no cloak)
rCorr    .         Harm     .   i - +0 pair of gloves
MR       .....                  (no boots)
Stlth    +++.......             (no amulet)
HPRegen  0.15/turn              (no ring)
MPRegen  0.09/turn              (no ring)

@: agile
A: thin skeletal structure 1, yellow scales 1
a: no special abilities


You were on level 4 of the Dungeon.
You were not hungry.

You visited 1 branch of the dungeon, and saw 4 of its levels.

You collected 128 gold pieces.

Inventory:

Hand Weapons
 a - a +0 hand axe (weapon)
Armour
 b - a +0 robe
 d - a +0 leather armour
 i - a +0 pair of gloves (worn)
 j - a +0 ring mail (worn)
Scrolls
 e - a scroll of teleportation
 f - a scroll of identify
Potions
 h - a potion of agility
Comestibles
 c - 3 rations


   Skills:
 + Level 4.3 Fighting
 * Level 5.6 Axes
 + Level 1.9 Armour
 + Level 3.0 Dodging
 - Level 1.5 Stealth


You had 4 spell levels left.
You didn't know any spells.
Your spell library was empty.

Dungeon Overview and Level Annotations

Branches:
Dungeon (4/15)
 Temple: D:4-7

Altars:
Hepliaklqana

Annotations:
D:3 RaHiT's ghost, amateur DrIE


Innate Abilities, Weirdness & Mutations

You have a somewhat thin skeletal structure. (Dex +2, Stealth)
You are partially covered in yellow scales. (AC +2)


Message History

* * * LOW HITPOINT WARNING * * *
You hit the phantom but do no damage.
The phantom is heavily damaged.
The phantom hits you.
* * * LOW HITPOINT WARNING * * *
The phantom blinks!
You close the door.
It was a potion of agility.
You feel agile all of a sudden.
A phantom opens the door.
The phantom blinks!
The phantom blinks!
The phantom hits you but does no damage.
You hit the phantom.
The phantom is moderately damaged.
The phantom hits you but does no damage.
You hit the phantom.
The phantom is moderately damaged.
The phantom hits you!
You die...

#.............#
#......>......#
#........##..##
#........##..#
....##..##..# ####
#######..##..######..###
#.............'...#....#
#...<.........#...#....#
#....##....W@.#...#....#
#....##..##..##..##...##
#....#...##..##..##...#
#....#...'...#........#
#....##..#...#........#
#....##..##..##..##..##
#.)..##..##..#########
#####.......# #........#


You could see a phantom.

Vanquished Creatures
  A worker ant (D:4)
  4 adders
  An ooze (D:1)
  A worm (D:2)
  A dart slug (D:3)
  3 leopard geckos
  An orc (D:3)
  7 giant cockroaches
  3 goblins
  3 hobgoblins
  4 jackals (D:4)
  A ball python (D:2)
  5 bats
  A frilled lizard (D:2)
  7 kobolds
  5 rats
48 creatures vanquished.

Notes
Turn   | Place    | Note
-------+----------+-------------------------------------------
     0 | D:1      | Kriby the Hill Orc Monk began the quest for the Orb.
     0 | D:1      | Reached XP level 1. HP: 19/19 MP: 1/1
   226 | D:1      | Reached XP level 2. HP: 22/27 MP: 2/2
   544 | D:1      | Reached skill level 1 in Armour
   739 | D:2      | Reached XP level 3. HP: 22/33 MP: 3/3
  1368 | D:2      | Reached skill level 5 in Axes
  1991 | D:2      | Reached XP level 4. HP: 20/40 MP: 4/4
  2393 | D:3      | Found a hazy altar of Hepliaklqana.
  2426 | D:3      | Noticed RaHiT's ghost (amateur DrIE)
  3047 | D:4      | Reached XP level 5. HP: 26/47 MP: 5/5
  3262 | D:4      | Noticed a phantom
  3310 | D:4      | Gained mutation: You have a somewhat thin skeletal structure. (Dex +2, Stealth) [potion of mutation]
  3310 | D:4      | Gained mutation: You are partially covered in yellow scales. (AC +2) [potion of mutation]
  3344 | D:4      | Slain by a phantom

Vault maps used:
D:1:      lemuel_arrival_rhombus, kennysheep_crisscross
D:2:      first_ration
D:3:      kennysheep_flooded_box, lemuel_another_geyser
D:4:      kennysheep_mini_moat, serial_shops, nicolae_shop_behind_doors

Skill      XL: |  1  2  3  4 |
---------------+-------------+-----
Armour         | 1 |  1.9
Fighting       | 4 |  4.3
Axes           | 5 |  5.6
Dodging        | 3 |  3.0
Stealth        | |  1.5

Action                   |  1- 3 |  4- 6 || total
-------------------------+-------+-------++-------
Melee: Hand axe          |   110 |    95 ||   205
  Use: Scroll            |       |     5 ||     5
       Potion            |       |     5 ||     5
 Stab: Sleeping          |     4 |       ||     4
  Eat: Chunk             |     2 |     2 ||     4
       Ration            |       |     1 ||     1
Armor: Leather armour    |    22 |    13 ||    35
       Ring mail         |       |    13 ||    13
Dodge: Dodged            |    60 |    70 ||   130

Table legend:
 A = Spawn XP
 B = Non-spawn XP
 C = Spawn XP percentage of total XP
 D = Spawn monster count
 E = Non-spawn monster count
 F = Spawn count percentage of total count
 G = Total turns spent on level
                    A         B        C        D         E        F      G
               +---------+---------+-------+---------+---------+-------+---------
         Total |       0 |     171 |   0.0 |       0 |      48 |   0.0 |  3344
               +---------+---------+-------+---------+---------+-------+---------
           D:1 |       0 |      30 |   0.0 |       0 |      14 |   0.0 |   819
           D:2 |       0 |      54 |   0.0 |       0 |      16 |   0.0 |  1633
           D:3 |       0 |      47 |   0.0 |       0 |      13 |   0.0 |   472
           D:4 |       0 |      40 |   0.0 |       0 |       5 |   0.0 |   420
               +---------+---------+-------+---------+---------+-------+---------
